 Dungeon Crawl Stone Soup version 0.19.4-10-g532645f (webtiles) character file.

35 volk64 the Insei (level 3, -1/23 HPs)
             Began as an Octopode Transmuter on Feb 23, 2017.
             Slain by Robin
             ... wielding a +1 trident of venom
              (4 damage)
             ... on level 2 of the Dungeon.
             The game lasted 00:03:14 (803 turns).

volk64 the Insei (Octopode Transmuter)               Turns: 803, Time: 00:03:15

Health: -1/23      AC:  1    Str:  9    XL:     3   Next: 35%
Magic:  6/6        EV: 13    Int: 16    God:
Gold:   52         SH:  0    Dex: 12    Spells: 2 memorised, 3 levels left

rFire  . . .     SeeInvis .       - Unarmed
rCold  . . .     Gourm    .     (no shield)
rNeg   . . .     Faith    .     (helmet restricted)
rPois  .         Spirit   .     (no amulet)
rElec  .         Reflect  .     (no ring)
rCorr  .         Harm     .     (no ring)
MR     .....                    (no ring)
Stlth  +++.......               (no ring)
                                (no ring)
                                (no ring)
                                (no ring)
                                (no ring)

@: lethally poisoned (-1 -> -19), appendage (expiring)
A: almost no armour, stealthy swim, amphibious, 8 rings, constrict 8, tentacle
spike 3, camouflage 1, gelatinous body 1
a: End Transformation


You were on level 2 of the Dungeon.
You were not hungry.
One of your tentacles had a temporary spike.
You visited 1 branch of the dungeon, and saw 2 of its levels.

You collected 52 gold pieces.

Inventory:

Missiles
 a - 38 arrows
Jewellery
 d - a cursed -2 ring of protection {unknown}
Scrolls
 g - a scroll of enchant armour {unknown}
 h - 2 scrolls of fog {unknown}
 i - a scroll of amnesia {unknown}
Potions
 e - a potion of agility
 j - a potion of curing
Books
 b - a book of Changes

   Spells                             Type                      Level
   a - Beastly Appendage              Transmutation                1
   b - Sticks to Snakes               Transmutation                2
   c - Spider Form                    Transmutation/Poison         3
   d - Ice Form                       Ice/Transmutation            4
   e - Blade Hands                    Transmutation                5
Comestibles
 c - a bread ration
 f - a chunk of flesh


   Skills:
 + Level 1.1 Fighting
 + Level 2.1 Dodging
 + Level 1.1 Stealth
 + Level 3.5 Unarmed Combat
 + Level 2.3 Spellcasting
 + Level 2.3 Transmutations


You had 3 spell levels left.
You knew the following spells:

 Your Spells              Type           Power        Failure   Level  Hunger
a - Beastly Appendage     Tmut           #.....       10%         1    #......
b - Sticks to Snakes      Tmut           #.......     14%         2    ###....


Dungeon Overview and Level Annotations

Branches:
Dungeon (2/15)

Altars:

Annotations:
D:2 Robin


Innate Abilities, Weirdness & Mutations

You cannot wear most types of armour.
You are very stealthy in the water. (Stealth+)
You are amphibious.
You can wear up to eight rings at the same time.
You can use your tentacles to constrict eight enemies at once.
Your skin changes colour to match your surroundings (Stealth+).
Your rubbery body absorbs attacks. (AC +1, EV +1)
One of your tentacles bears a large vicious spike.


Message History

You constrict Robin.
You feel sick.
You tentacle-slap Robin but do no damage.
You pierce Robin, but do no damage.
Robin is severely wounded.
You constrict Robin.
* * * LOW HITPOINT WARNING * * *
You feel sick. Robin barely misses you.
You are too injured to fight recklessly!
You are too injured to fight recklessly!
You tentacle-slap Robin but do no damage.
Robin is severely wounded.
You constrict Robin.
* * * LOW HITPOINT WARNING * * *
You feel sick. Robin closely misses you.
You tentacle-slap Robin but do no damage.
Robin is almost dead.
You constrict Robin.
* * * LOW HITPOINT WARNING * * *
You feel sick. Robin hits you with a trident of venom.
You die... ..... .... ...## ggg ggg

#s# #g# #@# #.#####
#############.)...#
#...........##.....#
#...........##.....#
#...........##..<..+
#...........'......#
#...........###....#
#...........# ....#


You could see Robin, a giant cockroach, 2 hobgoblins and 4 goblins.

Vanquished Creatures
  A dart slug (D:1)
  2 leopard geckos (D:1)
  2 giant cockroaches (D:1)
  6 goblins
  A hobgoblin (D:1)
  A quokka (D:2)
  2 ball pythons (D:1)
  2 bats (D:1)
  3 frilled lizards
  7 kobolds
  2 rats (D:1)
29 creatures vanquished.

Notes
Turn   | Place    | Note
-------+----------+-------------------------------------------
     0 | D:1      | volk64 the Octopode Transmuter began the quest for the Orb.
     0 | D:1      | Reached XP level 1. HP: 13/13 MP: 3/3
   115 | D:1      | Reached XP level 2. HP: 16/18 MP: 3/5
   322 | D:1      | Reached skill level 1 in Stealth
   342 | D:1      | Learned a level 2 spell: Sticks to Snakes
   540 | D:1      | Reached XP level 3. HP: 21/23 MP: 3/6
   790 | D:2      | Noticed Robin
   803 | D:2      | Slain by Robin

Skill      XL: |  1  2 |
---------------+-------+-----
Stealth        | 1 |  1.1
Fighting       | |  1.1
Dodging        | |  2.1
Unarmed Combat | |  3.5
Spellcasting   | |  2.3
Transmutations | |  2.3

Action                   || total
-------------------------++-------
Melee: Unarmed           ||    49
       Constrict         ||    13
       Kick              ||     9
       Tentacles         ||     8
 Cast: Beastly Appendage ||    14
  Use: Potion            ||     4
 Stab: Sleeping          ||    10
Armor: Skin              ||     2
Dodge: Dodged            ||    21
